 Dungeon Crawl Stone Soup version 0.29.1-15-g9cfb28693d (webtiles) character file.

Game seed: 14559600173075802663

149 Artool the Trooper (level 5, -3/42 HPs)
             Began as a Demonspawn Fighter on Apr 11, 2023.
             Slain by a black bear (8 damage)
             ... on level 4 of the Dungeon.
             The game lasted 00:04:01 (3564 turns).

Artool the Trooper (Demonspawn Fighter)             Turns: 3564, Time: 00:04:01

Health: -3/42      AC:  9    Str: 18    XL:     5   Next: 9%
Magic:  0/5        EV:  9    Int: 10    God:
Gold:   125        SH:  4    Dex: 12    Spells: 4/4 levels left

rFire   . . .      SeeInvis .   e - +0 whip
rCold   . . .      Faith    .   c - +0 buckler
rNeg    . . .      Spirit   +   b - +0 scale mail
rPois   .          Reflect  .   q - +0 helmet
rElec   .          Harm     .   (no cloak)
rCorr   .          Rampage  .   p - +0 pair of gloves
Will    .....                   (no boots)
Stlth   ..........              (no amulet)
HPRegen 0.14/turn               (no ring)
MPRegen 0.18/turn               (no ring)

@: no status effects
A: magic shield, magic regeneration
a: no special abilities


You were on level 4 of the Dungeon.
You visited 1 branch of the dungeon, and saw 4 of its levels.

You collected 125 gold pieces.

Inventory:

Hand Weapons
 a - a +0 flail
 e - a +0 whip (weapon)
Armour
 b - a +0 scale mail (worn)
 c - a +0 buckler (worn)
 p - a +0 pair of gloves (worn)
 q - a +0 helmet (worn)
Jewellery
 n - a ring of fire
 t - a +6 ring of strength
Wands
 m - a wand of paralysis (8)
Scrolls
 g - 4 scrolls of identify {unknown}
 h - 2 scrolls of enchant armour {unknown}
 j - 4 scrolls of amnesia {unknown}
 k - 2 scrolls of teleportation {unknown}
 l - 2 scrolls of blinking {unknown}
 s - a scroll of immolation {unknown}
 v - a scroll of poison {unknown}
 w - a scroll of magic mapping {unknown}
Potions
 d - 2 potions of might
 f - 2 potions of heal wounds {unknown}
 i - a potion of attraction {unknown}
 o - a potion of magic {unknown}
 r - a potion of haste {unknown}
 u - a potion of curing {unknown}


   Skills:
 + Level 4.0 Fighting
 + Level 3.0 Maces & Flails
 + Level 3.6 Armour
 - Level 3.0 Shields


You had 4 spell levels left.
You didn't know any spells.
Your spell library contained the following spells:

 Spells                   Type           Power      Damage    Failure   Level
 Sandblast                Erth           0%         2d4       83%         1
 Passwall                 Tmut/Erth      0%         N/A       93%         2
 Stone Arrow              Conj/Erth      0%         3d7       99%         3


Dungeon Overview and Level Annotations

Branches:
Dungeon (4/15)
 Temple: D:4-7

Altars:
Gozag
Okawaru
Sif Muna
Xom


Innate Abilities, Weirdness & Mutations

When hurt, damage is shared between your health and your magic reserves.
You regenerate magic rapidly.


Message History

You whack the black bear!
The black bear is moderately wounded.
The black bear closely misses you.
The black bear claws you but does no damage.
The black bear barely misses you.
Unknown command.
You hit the black bear.
The black bear is moderately wounded.
The black bear bites you.
* * * LOW HITPOINT WARNING * * *
You block the black bear's attack.
The black bear claws you but does no damage.
You hit the black bear.
The black bear is heavily wounded.
The black bear bites you but does no damage.
The black bear claws you but does no damage.
The black bear barely misses you.
You hit the black bear.
The black bear is heavily wounded.
The black bear bites you but does no damage.
The black bear claws you but does no damage.
You block the black bear's attack.
You hit the black bear.
The black bear is severely wounded.
You hit the black bear.
The black bear is severely wounded.
The black bear bites you but does no damage.
The black bear claws you but does no damage.
The black bear closely misses you.
The black bear goes berserk!
You hit the black bear.
The black bear is almost dead.
The black bear bites you.
* * * LOW HITPOINT WARNING * * *
The black bear claws you.
* * * LOW HITPOINT WARNING * * *
The black bear claws you but does no damage.
You barely miss the black bear.
The black bear is almost dead.
The black bear bites you!
You die...

#..........###..#
#..##.>.##......#
.....#...........#
##..#...###......#
#.##.#.# ###....#
#.#. #.#$.# ....
#.#..# ## ##
#<#)h# #.##@#
........#
#.###.#># #.#.# .
... ## ##. . ##


You could see a black bear (berserk).

Vanquished Creatures
  A centaur (D:4)
  3 worms (D:2)
  3 orcs (D:3)
  5 ball pythons
  A bat (D:1)
  7 endoplasms
  3 giant cockroaches
  7 goblins
  6 hobgoblins
  4 jackals (D:1)
  2 quokkas
  3 frilled lizards
  6 kobolds
  2 rats
53 creatures vanquished.

Vanquished Creatures (others)
  3 plants (D:3)
3 creatures vanquished.

Grand Total: 56 creatures vanquished

Notes
Turn   | Place    | Note
-------+----------+-------------------------------------------
     0 | D:1      | Artool the Demonspawn Fighter began the quest for the Orb.
     0 | D:1      | Reached XP level 1. HP: 18/18 MP: 1/1
   333 | D:1      | Found a faded altar of an unknown god.
   355 | D:1      | Gained mutation: You regenerate magic rapidly. [demonic
                  | ancestry]
   355 | D:1      | Reached XP level 2. HP: 23/24 MP: 2/2
  1045 | D:2      | Found an opulent altar of Gozag.
  1340 | D:2      | Reached XP level 3. HP: 27/29 MP: 3/3
  2666 | D:3      | Found an iron altar of Okawaru.
  2692 | D:3      | Found a shimmering blue altar of Sif Muna.
  3153 | D:3      | Gained mutation: When hurt, damage is shared between your
                  | health and your magic reserves. [demonic ancestry]
  3153 | D:3      | Reached XP level 4. HP: 32/36 MP: 4/4
  3488 | D:4      | Found a shimmering altar of Xom.
  3537 | D:4      | Noticed a centaur
  3538 | D:4      | Noticed a black bear
  3554 | D:4      | Killed a centaur
  3555 | D:4      | Reached skill level 4 in Fighting
  3555 | D:4      | Reached XP level 5. HP: 11/42 MP: 2/5
  3564 | D:4      | Slain by a black bear

Illustrated notes

Levels and vault maps discovered:
D:1:      dpeg_arrival_orchard, layout_loops_ring,
          dreamdust_ecumenical_altar_statues
D:2:      layout_basic, basic_altar, nicolae_wormholes
D:3:      layout_loops_ring, lemuel_crystal_altar,
          lemuel_coloured_pillars_altar, serial_bayou_pond_b
D:4:      layout_loops_cross, old_standard_altar, uniq_duvessa,
          uniq_crazy_yiuf_cottage

Skill      XL: |  1  2  3  4 |
---------------+-------------+-----
Maces & Flails | 2 3 |  3.0
Shields        | 3 |  3.0
Armour         | 3 |  3.6
Fighting       | 4 |  4.0

Action                   |  1- 3 |  4- 6 || total
-------------------------+-------+-------++-------
Melee: Whip              |   168 |    33 ||   201
       Flail             |    11 |       ||    11
Armor: Scale mail        |    77 |    35 ||   112
Dodge: Dodged            |    59 |    40 ||    99
Block: Buckler           |    33 |    13 ||    46
